 Dungeon Crawl Stone Soup version 0.29.0-15-g675c0067aa (webtiles) character file.

Game seed: 2758077499175799052

73 qw the Chopper (level 4, -14/39 HPs)
             Began as a Minotaur Berserker on Sept 12, 2022.
             Was a Believer of Trog.
             Demolished by an orc
             ... wielding a +1 whip of electrocution
              (20 damage)
             ... on level 3 of the Dungeon.
             The game lasted 00:00:46 (2260 turns).

qw the Chopper (Minotaur Berserker)                 Turns: 2260, Time: 00:00:46

Health: -14/39     AC:  6    Str: 23    XL:     4   Next: 8%
Magic:  3/3        EV:  7    Int:  4    God:    Trog [**....]
Gold:   120        SH: 10    Dex: 10    Spells: 3/3 levels left

rFire   . . .      SeeInvis .   Y - +0 hand axe
rCold   . . .      Faith    .   g - +0 tower shield
rNeg    . . .      Spirit   .   i - +0 ring mail
rPois   .          Reflect  .   (helmet restricted)
rElec   .          Harm     .   k - +0 cloak
rCorr   .          Rampage  .   (no gloves)
Will    .....                   (no boots)
Stlth   ..........              (no amulet)
HPRegen 0.13/turn               (no ring)
MPRegen 0.08/turn               (no ring)

@: no status effects
A: horns 2, retaliatory headbutt
a: Renounce Religion, Berserk, Trog's Hand


You were on level 3 of the Dungeon.
You worshipped Trog.
Trog was pleased with you.
You visited 1 branch of the dungeon, and saw 3 of its levels.

You collected 120 gold pieces.


Innate Abilities, Weirdness & Mutations

You have a pair of horns on your head.
You reflexively headbutt those who attack you in melee.


   Skills:
 - Level 3.6 Fighting
 - Level 5.9 Axes
 - Level 2.4 Armour
 - Level 2.1 Dodging
 + Level 1.0 Shields


You had 3 spell levels left.
You didn't know any spells.
Your spell library was empty.

Inventory:

Hand Weapons
 j - a +0 mace
 Y - a +0 hand axe (weapon)
Armour
 g - a +0 tower shield (worn)
 i - a +0 ring mail (worn)
 k - a +0 cloak (worn)
Scrolls
 a - a scroll of silence {unknown}
 e - a scroll of identify
Potions
 c - a potion of heal wounds {unknown}
 d - a potion of mutation {unknown}
 f - a potion of attraction {unknown}
 h - a potion of magic {unknown}
 l - a potion of berserk rage {unknown}

Dungeon Overview and Level Annotations

Branches:
Dungeon (3/15)

Altars:


Message History

You slash the worm!
The worm is heavily wounded.
You slash the worm!
You kill the worm!
Trog accepts your kill.
Found 5 stones.
Found an escape hatch in the ceiling.
There is an escape hatch in the ceiling here.
You now have 120 gold pieces (gained 7).
A ball python comes into view.
2247 ||| Stepping ~*~*~tactically~*~*~ (stealth).
You hit the ball python.
The ball python is heavily wounded.
You block the ball python's attack. x2; The ball python barely misses you.
You furiously retaliate!
You headbutt the ball python.
You kill the ball python!
Trog accepts your kill.
Your Shields skill increases to level 1!
An orc comes into view. It is wielding a +0 dagger.
Found a bubbling yellow potion.
The orc shouts!
You hear a shout!
An orc comes into view.
It is wielding a +1 whip of electrocution.
An orc comes into view. It is wielding a +0 hand axe.
You hit the orc but do no damage. You block the orc's attack. x2
The orc hits you with a +1 whip of electrocution.
You are electrocuted!
You barely miss the orc. Your headbutt misses the orc. You hit the orc.
The orc hits you with a +0 dagger.
You closely miss the orc. Your headbutt misses the orc.
The orc is severely wounded.
You hit the orc but do no damage. You hit the orc.
The orc hits you but does no damage. x2; You are electrocuted!
The orc hits you with a +0 hand axe. The orc hits you with a +0 dagger.
The orc completely misses you. You furiously retaliate!
You headbutt the orc!
You kill the orc!
Trog accepts your kill. The orc hits you but does no damage.
You are electrocuted!!
Ouch! That really hurt!
You die...

..## #...# ...# ##...#
...# ###<...#
...#####...#.########
...#.....###.........
...#..........######S .
.(##.....#......# !.#
..##.......#>##.###....#
#...............@o......
##..#...####.##.o)......
........###.........####
...#......<....#.#..#
.........#............
#.##.###...#...........
.......................#
........).............##
.###>##...........


You could see 2 orcs.

Vanquished Creatures
  Natasha (D:2)
  2 worms
  An orc (D:3)
  7 ball pythons
  3 endoplasms (D:1)
  2 giant cockroaches (D:1)
  5 goblins
  7 hobgoblins
  4 bats
  A frilled lizard (D:1)
  5 kobolds
  4 rats
42 creatures vanquished.

Notes
Turn   | Place    | Note
-------+----------+-------------------------------------------
     0 | D:1      | qw the Minotaur Berserker began the quest for the Orb.
     0 | D:1      | Reached XP level 1. HP: 19/19 MP: 0/0
     0 | D:1      | 0 ||| qw: Version: 0.1-a-119-g272c26d
     0 | D:1      | 0 ||| qw: Game counter: 10981
     0 | D:1      | 0 ||| qw: Always use a shield: true
     0 | D:1      | 0 ||| qw: Do Orc after D:15 true
     0 | D:1      | 0 ||| qw: Do second Lair branch before Depths: true
     0 | D:1      | 0 ||| qw: Lair rune preference: random
     0 | D:1      | 0 ||| qw: Plans: Normal
     0 | D:1      | 0 ||| PLANNING D:1-11
   146 | D:1      | Reached skill level 4 in Axes
   231 | D:1      | Reached XP level 2. HP: 26/26 MP: 1/1
   270 | D:1      | 270 ||| Stepping ~*~*~tactically~*~*~ (stealth).
   272 | D:1      | 272 ||| Stepping ~*~*~tactically~*~*~ (stealth).
   274 | D:1      | 274 ||| Stepping ~*~*~tactically~*~*~ (stealth).
   553 | D:1      | 553 ||| DROPPING +0 club.
   976 | D:1      | Reached skill level 5 in Axes
  1069 | D:1      | 1069 ||| DROPPING orb of guile.
  1070 | D:1      | 1070 ||| UPGRADING to +0 leather armour.
  1080 | D:1      | 1080 ||| DROPPING +0 animal skin.
  1081 | D:1      | 1081 ||| UPGRADING to +0 ring mail.
  1091 | D:1      | 1091 ||| DROPPING +0 leather armour.
  1092 | D:1      | 1092 ||| DROPPING amulet of magic regeneration.
  1093 | D:1      | 1093 ||| READING scroll labelled URUTWU KEILY.
  1186 | D:2      | 1186 ||| INVOKING Berserk.
  1190 | D:2      | Reached XP level 3. HP: 31/31 MP: 2/2
  1422 | D:2      | Reached ** piety under Trog
  1750 | D:2      | Noticed Natasha
  1751 | D:2      | 1751 ||| Stepping ~*~*~tactically~*~*~ (hiding).
  1752 | D:2      | 1752 ||| Stepping ~*~*~tactically~*~*~ (hiding).
  1753 | D:2      | 1753 ||| Stepping ~*~*~tactically~*~*~ (hiding).
  1755 | D:2      | 1755 ||| Stepping ~*~*~tactically~*~*~ (hiding).
  1757 | D:2      | 1757 ||| INVOKING Berserk.
  1757 | D:2      | Killed Natasha
  2026 | D:2      | 2026 ||| UPGRADING to +0 tower shield.
  2031 | D:2      | 2031 ||| UPGRADING to +0 cloak.
  2036 | D:2      | 2036 ||| READING 3 scrolls labelled PAONWU ITHIMOE.
  2037 | D:2      | 2037 ||| READING scroll labelled ICADOA LUANIDD.
  2038 | D:2      | 2038 ||| READING scroll labelled SUNEGR MIL VUY.
  2039 | D:2      | 2039 ||| READING scroll labelled KUSAURH DYZXA.
  2040 | D:2      | 2040 ||| READING scroll labelled MIQET ECKYTHO.
  2041 | D:2      | 2041 ||| DRINKING 2 inky potions.
  2042 | D:2      | 2042 ||| DRINKING 2 bubbling sapphire potions.
  2083 | D:2      | 2083 ||| READING 2 scrolls of identify.
  2083 | D:2      | 2083 ||| IDENTIFYING yellow potion
  2084 | D:2      | 2084 ||| DROPPING potion of flight.
  2085 | D:2      | 2085 ||| DROPPING potion of brilliance.
  2086 | D:2      | 2086 ||| DROPPING potion of lignification.
  2188 | D:3      | Reached XP level 4. HP: 39/39 MP: 3/3
  2213 | D:3      | 2213 ||| Stepping ~*~*~tactically~*~*~ (stealth).
  2247 | D:3      | 2247 ||| Stepping ~*~*~tactically~*~*~ (stealth).
  2252 | D:3      | Reached skill level 1 in Shields
  2260 | D:3      | HP: 8/39 [orc/+0 hand axe (6)]
  2260 | D:3      | Demolished by an orc

Levels and vault maps discovered:
D:1:      matt_arrival_los_fun, layout_basic
D:2:      layout_basic, uniq_natasha
D:3:      layout_rooms, overflow_temple_1_default,
          ebering_ecumenical_altar_mist, nicolae_underground_beach

Skill      XL: |  1  2  3  4 |
---------------+-------------+-----
Axes           | 4 5 |  5.9
Shields        | 1 |  1.0
Fighting       | |  3.6
Armour         | |  2.4
Dodging        | |  2.1

Action                   |  1- 3 |  4- 6 || total
-------------------------+-------+-------++-------
Melee: Hand axe          |    68 |     8 ||    76
       Headbutt          |    11 |       ||    11
Invok: Berserk           |     2 |       ||     2
  Use: Scroll            |     7 |       ||     7
       Potion            |     2 |       ||     2
Armor: Animal skin       |     5 |       ||     5
       Ring mail         |     5 |     3 ||     8
Dodge: Dodged            |    31 |     3 ||    34
Block: Tower shield      |     2 |     5 ||     7

Table legend:
 A = Non-vault XP
 B = Vault XP
 C = Vault XP percentage of total XP
 D = Non-vault monster count
 E = Vault monster count
 F = Vault count percentage of total count
                 A         B        C        D         E       F
            +---------+---------+-------+---------+---------+-------
      Total |      73 |      35 |  32.4 |      41 |       1 |   2.4
            +---------+---------+-------+---------+---------+-------
        D:1 |      35 |       0 |   0.0 |      22 |       0 |   0.0
        D:2 |      21 |      35 |  62.5 |      11 |       1 |   8.3
        D:3 |      17 |       0 |   0.0 |       8 |       0 |   0.0
            +---------+---------+-------+---------+---------+-------
